 Dungeon Crawl Stone Soup version 0.25-a0-178-gc9f82b1288 (webtiles) character file.

Game seed: 10858158759324631495, levelgen mode: deterministic

16 Leeroy the Conjurer (level 2, 0/20 HPs)
             Began as a Draconian Conjurer on Nov 25, 2019.
             Slain by a goblin
             ... wielding a +1 dagger of draining
             ... led by Robin
              (4 damage)
             ... on level 2 of the Dungeon on Nov 26, 2019.
             The game lasted 00:02:12 (1195 turns).

Leeroy the Conjurer (Draconian Conjurer)            Turns: 1195, Time: 00:02:13

Health: 0/20       AC:  4    Str: 10    XL:     2   Next: 41%
Magic:  5/5        EV: 12    Int: 15    God:
Gold:   18         SH:  0    Dex: 11    Spells: 4/5 levels left

rFire    . . .     SeeInvis .   k - +0 short sword
rCold    . . .     Gourm    .   (no shield)
rNeg     . . .     Faith    .   (armour unavailable)
rPois    .         Spirit   .   (helmet restricted)
rElec    .         Reflect  .   (no cloak)
rCorr    .         Harm     .   (no gloves)
MR       .....                  (no boots)
Stlth    ++........             (no amulet)
HPRegen  0.06/turn              (no ring)
MPRegen  0.09/turn              (no ring)

@: lightly drained
A: unfitting armour, cold-blooded, AC +4
a: no special abilities


You were on level 2 of the Dungeon.
You were hungry.

You visited 1 branch of the dungeon, and saw 2 of its levels.

You collected 18 gold pieces.

Inventory:

Hand Weapons
 g - a +0 dagger
 k - a +0 short sword (weapon)
 l - a +0 spear
Missiles
 e - 30 poisoned darts (quivered)
 m - 55 stones
Jewellery
 c - an uncursed amulet of the acrobat {unknown}
 f - an uncursed ring of protection from fire {unknown}
Scrolls
 d - a scroll of identify {unknown}
 j - a scroll of teleportation {unknown}
Potions
 a - a potion of cancellation {unknown}
 i - 2 potions of heal wounds {unknown}
Comestibles
 b - 2 rations


   Skills:
 - Level 1.7(1.3) Dodging
 - Level 1.7(1.3) Stealth
 - Level 2.0(1.5) Spellcasting
 + Level 4.7(4.2) Conjurations


You had 4 spell levels left.
You knew the following spells:

 Your Spells              Type           Power        Failure   Level  Hunger
a - Magic Dart            Conj           ##..         4%          1    ##.....

Your spell library contained the following spells:

 Spells                   Type           Power        Failure   Level  Hunger
 Searing Ray              Conj           ##....       6%          2    ###....
 Dazzling Spray           Conj/Hex       #.....       28%         3    ####...
 Iskenderun's Mystic Bla  Conj           ##......     38%         4    #####..
 Force Lance              Conj/Tloc      #.......     67%         4    #####..
 Fulminant Prism          Conj/Hex       #.........   67%         4    #####..


Dungeon Overview and Level Annotations

Branches:
Dungeon (2/15)

Altars:

Annotations:
D:2 Robin


Innate Abilities, Weirdness & Mutations

Your plain brown scales are hard. (AC +4)
You cannot fit into any form of body armour.
You are cold-blooded and may be slowed by cold attacks.


Message History

The goblin hits you with a +0 club.
* * * LOW HITPOINT WARNING * * *
The goblin barely misses you.
You see here a +0 dagger.
A hobgoblin comes into view. It is wielding a +0 club.
The goblin wields a +0 hunting sling.
The goblin shoots a stone.
The stone hits you but does no damage. Robin throws the goblin at you!
You see here a stone.
You closely miss the goblin. The goblin closely misses you.
The goblin shoots a stone.
The stone hits you.
* * * LOW HITPOINT WARNING * * *
The goblin hits you but does no damage.
You feel drained. The goblin misses you.
The goblin hits you but does no damage.
You feel drained.
A goblin comes into view.
The goblin shouts!
The goblin shoots a stone.
The stone closely misses you.
The goblin moves out of view.
The goblin hits you with a +1 dagger of draining.
You die...

#.. #.... #...... #.....
#........
#...g#+#######........
#....#.....g.........
#..................#
#.....g.gg.........#
######...(@g.g.g.....$..#..
#<...'.....l.gg............
######........g.....=...#
#.........()..####.#
#.............#
#.............#
#####.........# #.........#
###########


You could see Robin, 4 hobgoblins, 6 goblins and a frilled lizard.

Vanquished Creatures
  A dart slug (D:1)
  A leopard gecko (D:1)
  A ball python (D:1)
  3 goblins
  A hobgoblin (D:1)
  2 bats (D:1)
  A frilled lizard (D:2)
  A kobold (D:1)
  3 rats
14 creatures vanquished.

Notes
Turn   | Place    | Note
-------+----------+-------------------------------------------
     0 | D:1      | Leeroy the Draconian Conjurer began the quest for the Orb.
     0 | D:1      | Reached XP level 1. HP: 14/14 MP: 3/3
   170 | D:1      | Upgraded the game from 0.25-a0-167-g836c352ace to
                  | 0.25-a0-178-gc9f82b1288
   644 | D:1      | Reached XP level 2. HP: 18/20 MP: 5/5
  1182 | D:2      | Noticed Robin
  1195 | D:2      | Slain by a goblin

Levels and vault maps discovered:
D:1:      onia_arrival_mini_maze_b, layout_basic
D:2:      layout_basic, uniq_robin

Action                   || total
-------------------------++-------
Melee: Unarmed           ||    23
       Tailslap          ||     7
       Dagger            ||    20
       Short sword       ||     5
 Cast: Magic Dart        ||     6
 Stab: Sleeping          ||     1
Armor: Skin              ||    17
Dodge: Dodged            ||    39

Table legend:
 A = Non-vault XP
 B = Vault XP
 C = Vault XP percentage of total XP
 D = Non-vault monster count
 E = Vault monster count
 F = Vault count percentage of total count
                 A         B        C        D         E       F
            +---------+---------+-------+---------+---------+-------
      Total |      22 |       2 |   8.3 |      13 |       1 |   7.1
            +---------+---------+-------+---------+---------+-------
        D:1 |      20 |       0 |   0.0 |      11 |       0 |   0.0
        D:2 |       2 |       2 |  50.0 |       2 |       1 |  33.3
            +---------+---------+-------+---------+---------+-------
